Map: 16-Bit LE

Players

Syl - Winner!

  • Race: Protoss Protoss
  • League: Silver
  • Spawn Location: 1:00

VOD

Have the link to the VOD?

Description

Time

  • Played on: July 3, 2018, 2:24 p.m.
  • Length: 32:11
Show
View Real Time Build Order
Export as new Build Order

Syl Protoss - Winner!

Build Orders:  

Get SALT Encoding   

  12  0:04  Probe (Chrono Boost)  
  14  0:21  Probe (Chrono Boost)  
  14  0:26  Pylon  
  14  0:38  Probe (Chrono Boost)  
  15  0:56  Probe (Chrono Boost)  
  15  0:58  Gateway  
  16  1:12  Assimilator, Probe (Chrono Boost)  
  17  1:29  Probe (Chrono Boost)  
  18  1:45  Probe (Chrono Boost)  
  19  1:57  Probe (Chrono Boost)  
  20  2:12  Nexus  
  20  2:15  Probe (Chrono Boost)  
  21  2:23  Cybernetics Core  
  21  2:31  Assimilator  
  21  2:40  Pylon  
  21  2:54  Probe (Chrono Boost)  
  23  3:11  Probe (Chrono Boost)  
  25  3:28  Probe (Chrono Boost)  
  26  3:39  Unknown  
  28  3:52  Probe (Chrono Boost)  
  28  3:58  Probe (Chrono Boost)  
  30  4:07  Unknown  
  30  4:09  Probe (Chrono Boost)  
  31  4:15  Probe (Chrono Boost)  
  32  4:21  Stalker  
  32  4:26  Probe (Chrono Boost), Gateway  
  32  4:28  Unknown x2  
  35  4:32  Probe (Chrono Boost)  
  36  4:44  Probe (Chrono Boost)  
  36  4:46  Forge  
  36  4:49  Probe (Chrono Boost)  
  38  4:50  Warp Gate  
  38  4:53  Gateway  
  38  4:56  Unknown  
  37  5:10  Sentry  
  37  5:19  Probe x2 (Chrono Boost)  
  41  5:25  Pylon  
  41  5:28  Shield Battery  
  41  5:35  Photon Cannon  
  43  5:41  Probe x2 (Chrono Boost)  
  43  5:48  Assimilator  
  43  5:51  Assimilator  
  35  6:12  Stalker x2  
  35  6:30  Adept  
  34  6:45  Adept  
  34  6:46  Adept  
  34  7:00  Adept  
  33  7:17  Adept x2  
  31  7:32  Adept  
  31  7:39  Photon Cannon  
  33  7:42  Pylon  
  33  7:44  Photon Cannon  
  33  7:46  Photon Cannon  
  31  7:54  Probe x2 (Chrono Boost)  
  31  7:59  Gateway  
  33  8:01  Stalker  
  33  8:02  Stalker x2, Pylon  
  33  8:06  Gateway  
  33  8:21  Gateway  
  33  8:24  Probe (Chrono Boost)  
  33  8:25  Probe (Chrono Boost)  
  37  8:50  Probe x2 (Chrono Boost)  
  37  8:53  Twilight Council  
  37  8:55  Robotics Facility  
  37  8:58  Gateway  
  37  9:02  Pylon  
  37  9:06  Protoss Ground Weapons Level 1  
  37  9:07  Probe x2 (Chrono Boost)  
  39  9:38  Nexus  
  39  9:44  Pylon  
  39  9:49  Sentry x3  
  45  9:50  Adept x2  
  45  9:51  Adept  
  52  10:00  Probe (Chrono Boost)  
  52  10:03  Probe (Chrono Boost)  
  53  10:11  Observer  
  54  10:27  Probe x2 (Chrono Boost)  
  56  10:35  Adept  
  56  10:36  Adept x3  
  64  10:45  Warp Prism  
  66  10:52  Probe x2 (Chrono Boost)  
  66  10:57  Pylon  
  68  11:12  Probe (Chrono Boost)  
  68  11:13  Probe (Chrono Boost)  
  68  11:17  Pylon  
  68  11:19  Assimilator  
  70  11:22  Probe (Chrono Boost)  
  70  11:25  Assimilator  
  70  11:29  Probe (Chrono Boost)  
  70  11:30  Probe (Chrono Boost)  
  73  11:35  Sentry  
  73  11:36  Sentry  
  73  11:39  Adept  
  79  11:40  Adept x3  
  85  11:54  Probe (Chrono Boost)  
  85  11:55  Probe x2 (Chrono Boost)  
  88  12:00  Gateway  
  88  12:01  Gateway  
  88  12:08  Unknown  
  88  12:17  Probe x3 (Chrono Boost)  
  91  12:27  Stalker  
  91  12:28  Stalker x2  
  91  12:29  Sentry  
  99  12:30  Sentry  
  60  13:20  Probe (Chrono Boost)  
  60  13:21  Probe x2 (Chrono Boost)  
  60  13:26  Stargate x2  
  60  13:27  Stargate  
  60  14:00  Stalker x3  
  60  14:01  Stalker  
  60  14:02  Sentry  
  60  14:03  Sentry x2  
  60  14:04  Sentry  
  76  14:16  Nexus  
  76  14:18  Protoss Air Weapons Level 1  
  76  14:19  Pylon  
  76  14:26  Pylon  
  76  14:37  Fleet Beacon  
  76  14:59  Assimilator  
  76  15:07  Assimilator  
  76  15:16  Carrier x2  
  76  15:17  Carrier  
  79  15:51  Probe x2 (Chrono Boost)  
  79  15:52  Probe (Chrono Boost)  
  97  16:06  Pylon  
  97  16:10  Graviton Catapult  
  99  16:32  Probe x4 (Chrono Boost)  
  101  16:41  Photon Cannon  
  101  16:44  Pylon  
  101  16:56  Carrier  
  101  16:57  Carrier  
  101  16:58  Stargate  
  101  16:59  Carrier, Probe x2 (Chrono Boost)  
  103  17:00  Probe x2 (Chrono Boost)  
  105  17:12  Protoss Air Weapons Level 2  
  123  17:23  Pylon  
  123  17:25  Pylon  
  123  17:48  Carrier  
  113  18:33  Carrier  
  113  18:44  Carrier  
  113  18:45  Carrier  
  115  19:48  Carrier  
  121  19:57  Nexus  
  121  20:12  Nexus  
  121  20:27  Pylon  
  121  20:29  Carrier, Pylon  
  115  20:42  Pylon  
  115  20:44  Carrier  
  115  20:45  Carrier  
  115  21:04  Protoss Air Armor Level 1  
  115  21:26  Pylon  
  115  21:30  Assimilator  
  115  21:34  Stalker x5  
  115  21:35  Stalker x4  
  115  21:37  Assimilator  
  133  22:01  Carrier  
  133  22:06  Carrier  
  133  22:08  Probe x3 (Chrono Boost)  
  133  22:09  Probe (Chrono Boost)  
  138  22:10  Probe (Chrono Boost)  
  138  22:15  Carrier  
  138  22:23  Carrier  
  154  22:40  Probe x3 (Chrono Boost)  
  154  22:41  Probe (Chrono Boost)  
  171  23:10  Probe (Chrono Boost)  
  171  23:11  Probe x4 (Chrono Boost)  
  171  23:34  Probe x3 (Chrono Boost)  
  171  23:35  Probe (Chrono Boost), Blink  
  175  23:53  Assimilator  
  175  23:58  Assimilator  
  175  24:00  Carrier  
  175  24:02  Carrier  
  175  24:03  Carrier  
  163  25:40  Carrier  
  169  26:06  Nexus  
  169  27:00  Pylon x2  
  169  27:02  Pylon  
  169  27:11  Carrier x3  
  169  27:15  Assimilator  
  169  27:21  Assimilator  
  169  27:25  Pylon x2  
  187  28:16  Carrier  
  187  28:28  Protoss Air Weapons Level 3  
  193  28:53  Probe x3 (Chrono Boost)  
  193  28:58  Probe (Chrono Boost)  
  198  29:01  Probe (Chrono Boost)  
  198  29:39  Probe (Chrono Boost)  
  200  29:40  Probe (Chrono Boost)  
Tags
 
League
Silver
Matchup
Co-op
Add a new tag
Caveats
  • Supply blocks, unpowered buildings, or Contaminate may cause inaccurate times.
  • Supply counts are checked every 10 seconds.